 Dungeon Crawl Stone Soup version 0.20.1-1-g8b1a95d (webtiles) character file.

37 equalderp2856 the Covered (level 3, 0/33 HPs)
             Began as a Minotaur Fighter on Sept 7, 2017.
             Splashed by a jelly's acid (8 damage)
             ... on level 2 of the Dungeon.
             The game lasted 00:02:23 (836 turns).

equalderp2856 the Covered (Minotaur Fighter)         Turns: 836, Time: 00:02:24

Health: 0/33       AC: -4    Str: 20    XL:     3   Next: 21%
Magic:  2/2        EV:  7    Int:  5    God:
Gold:   50         SH:  9    Dex: 10    Spells: 2/2 levels left

rFire    . . .     SeeInvis .   a - +0 war axe
rCold    . . .     Gourm    .   c - +0 shield
rNeg     . . .     Faith    .   b - +0 scale mail
rPois    .         Spirit   .   (helmet restricted)
rElec    .         Reflect  .   (no cloak)
rCorr    .         Harm     .   (no gloves)
MR       .....                  (no boots)
Stlth    ..........             (no amulet)
Regen    0.2/turn               (no ring)
MPRegen  0.1/turn               (no ring)

@: corroded
A: retaliatory headbutt, horns 2
a: no special abilities


You were on level 2 of the Dungeon.
You were not hungry.

You visited 1 branch of the dungeon, and saw 2 of its levels.

You collected 50 gold pieces.

Inventory:

Hand Weapons
 a - a +0 war axe (weapon)
Armour
 b - a +0 scale mail (worn)
 c - a +0 shield (worn)
Jewellery
 e - an uncursed ring of wizardry {unknown}
Scrolls
 g - a scroll of magic mapping {unknown}
 h - a scroll of recharging {unknown}
 i - a scroll of blinking {unknown}
 k - 2 scrolls of teleportation {unknown}
Potions
 d - a potion of might
 j - 2 potions of resistance {unknown}
Comestibles
 f - a bread ration
 l - a royal jelly


   Skills:
 + Level 3.9 Fighting
 + Level 2.9 Axes
 + Level 4.3 Armour
 + Level 0.2 Dodging
 + Level 4.1 Shields


You had 2 spell levels left.
You didn't know any spells.

Dungeon Overview and Level Annotations

Branches:
Dungeon (2/15)

Altars:


Innate Abilities, Weirdness & Mutations

You reflexively headbutt those who attack you in melee.
You have a pair of horns on your head.


Message History

There is an open door here.
Unknown command.
You slash the ooze!
You kill the ooze!
You slash the ooze!
The ooze hits the toadstool.
The toadstool is destroyed!
The ooze hits you. The jelly hits you but does no damage. The ooze hits you.
You block the ooze's attack.
The ooze hits the toadstool.
The toadstool is destroyed!
You hit the jelly. The acid corrodes you!
Your hands burn!
The jelly is moderately wounded.
You hit the ooze but do no damage. You hit the ooze. The jelly hits you.
The acid corrodes you!
You are splashed with acid!
The acid burns!
The ooze jiggles.
You block the ooze's attack.
The ooze jiggles.
You block the ooze's attack. The jelly hits you.
* * * LOW HITPOINT WARNING * * *
The acid corrodes you!
You are splashed with acid!
The acid burns!
You die...

#< ### #. #.#### #.
#.##.################## #.
.<....................##########.
#....[###############..........†.
.)##.## ####### #######..####
..[...# #....÷J############.....
......# #PPPJJJ@##......###..###
#####.# #....JJ#.#.......##..# #
.# #..PP.J#)#......))'..### .#
#÷÷....#.#.......)(.($.. .#
#P..PP.#.#'#.....)'..### .#
#....J.#.#.#.....##..... .#
#..PP.P#(#.#....###.....
#[÷....##(####### #.#.#. ###
#..#.#.


You could see a jelly and 7 oozes.

Vanquished Creatures
  An ooze (D:2)
  5 bats (D:1)
  2 goblins (D:1)
  2 hobgoblins (D:1)
  6 jackals
  A frilled lizard (D:1)
  10 kobolds
  3 rats
30 creatures vanquished.

Vanquished Creatures (others)
  A minotaur (D:1)
  A draconian (D:1)
  An octopode (D:1)
  2 gargoyles (D:1)
  An elf (D:1)
  A troll (D:1)
  A human (D:1)
  A naga (D:1)
  A dwarf (D:1)
  2 ogres (D:1)
  2 mummies (D:1)
  A kobold (D:1)
  8 tentacles (D:1)
  5 toadstools (D:2)
28 creatures vanquished.

Grand Total: 58 creatures vanquished

Notes
Turn   | Place    | Note
-------+----------+-------------------------------------------
     0 | D:1      | equalderp2856 the Minotaur Fighter began the quest for the Orb.
     0 | D:1      | Reached XP level 1. HP: 19/19 MP: 0/0
     2 | D:1      | Noticed an elf
     2 | D:1      | Noticed an ogre
     2 | D:1      | Noticed a draconian
     2 | D:1      | Noticed a gargoyle
     2 | D:1      | Noticed a dwarf
     2 | D:1      | Noticed a gargoyle
     2 | D:1      | Noticed a kraken
     2 | D:1      | Noticed a human
     2 | D:1      | Noticed an octopode
     2 | D:1      | Noticed an ogre
     2 | D:1      | Noticed a naga
     2 | D:1      | Noticed a troll
     2 | D:1      | Noticed a minotaur
     3 | D:1      | Killed an ogre
     8 | D:1      | Killed a draconian
    10 | D:1      | Killed a gargoyle
    11 | D:1      | Killed a gargoyle
    12 | D:1      | Killed an octopode
    14 | D:1      | Killed an ogre
    15 | D:1      | Killed a naga
    16 | D:1      | Killed a troll
    16 | D:1      | Killed a human
    17 | D:1      | Killed a minotaur
    19 | D:1      | Killed an elf
    21 | D:1      | Killed a dwarf
   295 | D:1      | Reached XP level 2. HP: 24/27 MP: 1/1
   798 | D:2      | Reached XP level 3. HP: 26/33 MP: 2/2
   836 | D:2      | Splashed by a jelly's acid

Skill      XL: |  1  2 |
---------------+-------+-----
Armour         | 4 |  4.3
Shields        | 4 |  4.1
Fighting       | |  3.9
Axes           | |  2.9
Dodging        | |  0.2

Action                   || total
-------------------------++-------
Melee: War axe           ||    61
       Headbutt          ||     6
Armor: Scale mail        ||    36
Dodge: Dodged            ||    25
Block: Shield            ||    56
